Map: Sequencer LE

Players

Namshar

  • Race: Zerg Zerg
  • Spawn Location: 1:00

Arctur - Winner!

  • Race: Terran Terran
  • Spawn Location: 7:00

Event: WCS Valencia 2017

VOD

Have the link to the VOD?

Description

Time

  • Played on: July 13, 2017, 9:33 a.m.
  • Length: 7:26

All games in this series

Show
View Real Time Build Order
Export as new Build Order

Namshar Zerg 

Build Orders: Pool First 

Get SALT Encoding   

  12  0:01  Drone  
  13  0:12  Overlord  
  13  0:17  Drone  
  14  0:31  Drone x2  
  14  0:34  Drone  
  17  0:43  Extractor  
  17  0:45  Drone  
  17  0:50  Spawning Pool  
  17  0:55  Drone  
  17  1:06  Drone  
  18  1:19  Hatchery  
  18  1:23  Drone  
  18  1:28  Drone  
  19  1:37  Queen  
  21  1:44  Metabolic Boost  
  21  1:51  Overlord  
  21  1:54  Zergling x2  
  22  2:10  Zergling x2  
  22  2:13  Queen  
  25  2:32  Queen  
  25  2:35  Evolution Chamber  
  26  2:38  Zergling x8  
  30  2:48  Zergling x6  
  33  3:00  Overlord  
  33  3:02  Drone x2  
  35  3:19  Overlord  
  35  3:24  Drone  
  35  3:25  Drone x5  
  41  3:34  Zerg Ground Armor Level 1  
  41  3:39  Drone x2  
  43  3:47  Queen  
  45  3:54  Drone x3  
  47  4:17  Drone x4  
  50  4:28  Queen  
  50  4:29  Drone  
  49  4:32  Zergling x8  
  49  4:35  Overlord x2  
  52  4:38  Hatchery  
  51  4:45  Lair  
  51  4:49  Evolution Chamber  
  51  4:50  Zergling x2  
  51  4:51  Zergling x2  
  52  4:54  Drone x2  
  52  4:57  Extractor  
  52  4:58  Drone x3  
  52  4:59  Zergling x4  
  58  5:01  Zergling x2  
  59  5:08  Drone  
  59  5:10  Extractor  
  59  5:11  Drone x3  
  62  5:26  Queen  
  64  5:28  Zerg Melee Weapons Level 1  
  64  5:36  Drone  
  64  5:37  Drone x3  
  64  5:41  Overlord x4  
  67  5:49  Baneling Nest  
  66  5:51  Drone  
  66  5:56  Drone x3  
  70  6:05  Drone x2  
  70  6:06  Drone  
  70  6:07  Overlord x2  
  73  6:12  Drone x2  
  73  6:14  Zergling x6  
  77  6:22  Zergling x2  
  78  6:28  Queen  
  80  6:35  Drone x7  
  80  6:37  Extractor  
  80  6:39  Extractor  
  85  6:51  Zergling x14  
  80  6:55  Zergling x2  
  80  6:56  Zergling x2  
  80  6:57  Zergling x6  
  80  7:01  Zergling x2  
Show
View Real Time Build Order
Export as new Build Order

Arctur Terran - Winner!

Build Orders: MMM Bio 

Get SALT Encoding   

  12  0:01  SCV  
  13  0:13  SCV  
  14  0:17  Supply Depot  
  14  0:25  SCV  
  15  0:38  SCV  
  15  0:39  Barracks  
  16  0:44  Refinery  
  16  0:50  SCV  
  17  1:01  Barracks  
  17  1:05  SCV  
  18  1:17  SCV  
  19  1:27  Reaper  
  19  1:29  Orbital Command  
  20  1:39  Barracks  
  20  1:45  Refinery  
  20  1:49  Reaper  
  21  1:57  Supply Depot  
  21  2:00  SCV  
  22  2:05  Reaper  
  23  2:19  SCV  
  23  2:21  Reaper, Supply Depot  
  25  2:31  SCV  
  25  2:33  Reaper  
  27  2:37  Reaper  
  27  2:44  SCV  
  29  3:02  SCV  
  29  3:03  Command Center  
  30  3:17  SCV  
  30  3:19  Reaper  
  32  3:21  Reaper  
  32  3:25  Barracks Tech Lab  
  33  3:31  SCV  
  34  3:34  Factory  
  34  3:40  Engineering Bay  
  34  3:43  SCV  
  35  3:49  Stimpack, Marine  
  35  3:54  Barracks Reactor  
  35  3:55  SCV  
  37  4:00  Barracks Reactor  
  37  4:07  SCV  
  38  4:14  Barracks Reactor  
  38  4:15  Orbital Command  
  36  4:19  SCV  
  36  4:31  SCV  
  36  4:32  Marine  
  36  4:33  Marine x2  
  36  4:36  Barracks Reactor, Factory Reactor  
  40  4:40  SCV  
  40  4:43  SCV  
  40  4:44  Starport  
  42  4:51  Marine x2  
  42  4:52  SCV  
  45  4:55  Marine, SCV  
  45  4:57  Terran Infantry Weapons Level 1  
  47  5:04  SCV  
  48  5:08  SCV, Supply Depot  
  48  5:09  Marine x2  
  48  5:13  Marine  
  52  5:16  SCV  
  52  5:19  Marine  
  54  5:27  Supply Depot  
  54  5:29  Marine x3, Medivac, SCV x2  
  54  5:31  Marine, Supply Depot  
  62  5:48  Marine x4, Medivac, SCV x2  
  70  5:51  Supply Depot  
  70  5:52  Combat Shields  
  70  5:53  Marine  
  71  5:57  Supply Depot  
  71  6:00  SCV  
  71  6:03  SCV  
  73  6:06  Marine x2  
  73  6:10  Marine x2  
  73  6:11  Marine  
  78  6:12  SCV  
  78  6:14  Supply Depot  
  77  6:21  SCV  
  77  6:23  Marine x2  
  77  6:24  Command Center  
  74  6:27  Marine  
  74  6:28  Marine  
  74  6:31  Factory Reactor  
  76  6:37  Barracks  
  76  6:39  Barracks  
  76  6:42  Refinery  
  76  6:45  Refinery  
  76  6:52  Medivac  
  75  6:58  Marine  
  75  6:59  Marine x2  
  80  7:07  SCV x2  
  84  7:17  Supply Depot  
  84  7:18  Supply Depot  
Tags
 
Add a new tag
Caveats
  • Supply blocks, unpowered buildings, or Contaminate may cause inaccurate times.
  • Supply counts are checked every 10 seconds.